 Dungeon Crawl Stone Soup version 0.30.1-8-g117510f58f (webtiles) character file.

Game seed: 8888175586068034127

1465 Danienth the Cleaver (level 8, -11/70 HPs)
             Began as a Minotaur Fighter on Sept 23, 2023.
             Mangled by an ogre
             ... wielding a +0 giant spiked club
              (16 damage)
             ... on level 7 of the Dungeon.
             The game lasted 00:20:30 (5573 turns).

Danienth the Cleaver (Minotaur Fighter)             Turns: 5573, Time: 00:20:31

Health: -11/70     AC: 10    Str: 22    XL:     8   Next: 48%
Magic:  7/7        EV:  8    Int:  5    God:
Gold:   261        SH:  5    Dex: 13    Spells: 7/7 levels left

rFire   . . .        A - +4 flail (heavy)
rCold   + . .        c - +0 buckler
rNeg    . . .        i - +0 chain mail of Udeuf {Str+2}
rPois   .            (helmet restricted)
rElec   .            (no cloak)
rCorr   .            (no gloves)
SInv    .            (no boots)
Will    .....        e - amulet of faith Stlth
                     t - ring of protection from cold
HPRegen 0.31/turn    (no ring)
MPRegen 0.10/turn

%: faith
@: no status effects
A: horns 2, retaliatory headbutt
a: no special abilities


You were on level 7 of the Dungeon.
You visited 1 branch of the dungeon, and saw 7 of its levels.

You collected 261 gold pieces.

Inventory:

Hand Weapons
 a - a +0 war axe
 b - a +2 trident of freezing
 A - a +4 heavy flail (weapon)
Missiles
 o - 6 boomerangs (quivered)
 p - 7 poisoned darts
Armour
 c - a +0 buckler (worn)
 i - the +0 chain mail of Udeuf (worn) {Str+2}
   (You found it on level 2 of the Dungeon)

   Str:       It affects your strength (+2).
Jewellery
 e - an amulet of faith (around neck)
 h - an amulet of regeneration
 k - an amulet of magic regeneration
 t - a ring of protection from cold (left hand)
 w - the ring of the Blue Watermelon {rPois rC- rCorr MP+9}
   (You found it on level 5 of the Dungeon)

   [ring of poison resistance]

   rC:        It makes you vulnerable to cold.
   rPois:     It protects you from poison.
   MP:        It affects your magic capacity (+9).
   rCorr:     It protects you from acid and corrosion.
 B - a ring of see invisible
Wands
 s - a wand of roots (9)
Scrolls
 f - 4 scrolls of vulnerability
 j - 3 scrolls of teleportation
 l - a scroll of silence {unknown}
 r - a scroll of acquirement {unknown}
 u - a scroll of enchant armour {unknown}
 y - a scroll of magic mapping {unknown}
Potions
 d - a potion of degeneration
 g - a potion of mutation
 n - a potion of flight {unknown}
 q - a potion of might
 v - 2 potions of magic


   Skills:
 + Level 5.8 Fighting
 - Level 10.0 Axes
 * Level 1.5(6.4) Maces & Flails
 + Level 6.4 Armour
 + Level 5.0 Shields


You had 7 spell levels left.
You didn't know any spells.
Your spell library contained the following spells:

 Spells                   Type           Power      Damage    Failure   Level
 Magic Dart               Conj           0%         1d3       98%         1
 Ensorcelled Hibernation  Hex/Ice        0%         N/A       99%         2
 Poisonous Vapours        Pois/Air       0%         N/A       99%         2
 Searing Ray              Conj           0%         2d4       99%         2
 Mephitic Cloud           Conj/Pois/Air  0%         N/A       100%        3
 Spider Form              Tmut/Pois      0%         N/A       100%        3
 Anguish                  Hex/Necr       0%         N/A       100%        4
 Fulminant Prism          Conj/Hex       0%         3d5       100%        4
 Freezing Cloud           Conj/Ice/Air   0%         6-21      100%        5


Dungeon Overview and Level Annotations

Branches:
Dungeon (7/15)             Temple (0/1) D:4

Altars:
Gozag
Qazlal
Uskayaw
Vehumet


Innate Abilities, Weirdness & Mutations

You have a pair of horns on your head.
You reflexively headbutt those who attack you in melee.


Message History

You closely miss the bullfrog. You headbutt the bullfrog.
The bullfrog is heavily wounded.
The bullfrog hits you but does no damage.
The ogre hits you with a +0 giant spiked club.
The bullfrog hits you.
You barely miss the bullfrog. Your headbutt misses the bullfrog.
The bullfrog is heavily wounded.
The bullfrog closely misses you. The ogre barely misses you.
You furiously retaliate!
You headbutt the ogre.
The bullfrog hits you but does no damage.
The bullfrog hits you.
You bludgeon the bullfrog!!
You kill the bullfrog!
The ogre closely misses you. You furiously retaliate!
You headbutt the ogre!
The ogre hits you with a +0 giant spiked club!!
* * * LOW HITPOINT WARNING * * *
You are too injured to fight recklessly!
Hit: A) +4 flail (heavy)
Press: ? - help, Dir - move target, f - ogre
Aim: an ogre, wielding a +0 giant spiked club (heavily wounded, about 22% to evade your +4 heavy flail)
You sock the ogre! Your headbutt misses the ogre.
The ogre is severely wounded.
The ogre hits you with a +0 giant spiked club.
* * * LOW HITPOINT WARNING * * *
You feel better.
Hit: A) +4 flail (heavy)
Press: ? - help, Dir - move target, f/p - ogre
Aim: an ogre, wielding a +0 giant spiked club (severely wounded, about 22% to evade your +4 heavy flail)
You barely miss the ogre.
The ogre is severely wounded.
The ogre hits you with a +0 giant spiked club!
* * * LOW HITPOINT WARNING * * *
Okay, then.
Hit: A) +4 flail (heavy)
Press: ? - help, Dir - move target, f/p - ogre
Aim: an ogre, wielding a +0 giant spiked club (severely wounded, about 22% to evade your +4 heavy flail)
You barely miss the ogre. You headbutt the ogre.
The ogre is severely wounded.
The ogre hits you with a +0 giant spiked club!
You die...

# #. ##.## ....
#..
..###..###.#.##
.......@...<..#
.####.†.O.....#
##.###.##.# #.
.. #. #.# #. .
#. #.


You could see an ogre.

Vanquished Creatures
  Grinder (D:4)
  Sigmund (D:2)
  Menkaure (D:4)
  Edmund (D:5)
  An acid dragon (D:5)
  A sky beast (D:6)
  An ogre (D:4)
  A phantom (D:4)
  A bullfrog (D:7)
  2 jellies
  An orc priest (D:3)
  Jessica (D:2)
  An iguana (D:4)
  An orc wizard (D:4)
  10 adders
  7 gnolls
  A white imp (D:5)
  An ufetubus (D:4)
  2 worms (D:3)
  A dart slug (D:1)
  15 orcs
  4 ball pythons
  9 endoplasms
  5 giant cockroaches
  5 goblins
  7 hobgoblins
  3 jackals (D:1)
  3 quokkas
  3 bats
  6 frilled lizards
  8 kobolds
  5 rats
110 creatures vanquished.

Notes
Turn   | Place    | Note
-------+----------+-------------------------------------------
     0 | D:1      | Danienth the Minotaur Fighter began the quest for the Orb.
     0 | D:1      | Reached XP level 1. HP: 19/19 MP: 0/0
   162 | D:1      | Reached XP level 2. HP: 27/27 MP: 1/1
   222 | D:1      | Reached skill level 3 in Axes
   396 | D:1      | Reached XP level 3. HP: 33/33 MP: 2/2
   883 | D:2      | Noticed Sigmund
   902 | D:2      | Killed Sigmund
   903 | D:2      | Reached skill level 5 in Axes
   903 | D:2      | Reached XP level 4. HP: 41/41 MP: 3/3
   903 | D:2      | Reached XP level 5. HP: 47/47 MP: 4/4
   940 | D:2      | Identified the +0 chain mail of Udeuf {Str+2}
  1101 | D:2      | Noticed Jessica
  1113 | D:2      | Killed Jessica
  1875 | D:3      | Reached XP level 6. HP: 53/53 MP: 5/5
  1929 | D:3      | Reached skill level 6 in Axes
  2752 | D:4      | Found a stormy altar of Qazlal.
  2765 | D:4      | Reached skill level 5 in Fighting
  2872 | D:4      | Reached skill level 7 in Axes
  2927 | D:4      | Noticed Grinder
  2957 | D:4      | Killed Grinder
  2958 | D:4      | Reached skill level 8 in Axes
  2958 | D:4      | Reached skill level 5 in Armour
  2958 | D:4      | Reached XP level 7. HP: 11/61 MP: 6/6
  3408 | D:4      | Found a staircase to the Ecumenical Temple.
  3673 | D:4      | Noticed Menkaure
  3683 | D:4      | Killed Menkaure
  3684 | D:4      | Reached skill level 9 in Axes
  3892 | D:4      | Reached XP level 8. HP: 65/69 MP: 7/7
  4355 | D:5      | Entered Level 5 of the Dungeon
  4495 | D:5      | Identified the ring of the Blue Watermelon {rPois rC- rCorr
                  | MP+9}
  4679 | D:5      | Found an opulent altar of Gozag.
  4679 | D:5      | Found a radiant altar of Vehumet.
  4681 | D:5      | Found a hide-covered altar of Uskayaw.
  5026 | D:5      | Noticed Edmund
  5035 | D:5      | Killed Edmund
  5036 | D:5      | Reached skill level 10 in Axes
  5036 | D:5      | Reached skill level 5 in Shields
  5509 | D:6      | Reached skill level 1 in Maces & Flails
  5556 | D:6      | Noticed a hornet
  5573 | D:7      | Mangled by an ogre

Illustrated notes

Levels and vault maps discovered:
D:1:      dpeg_arrival_ternary, layout_basic
D:2:      kennysheep_big_flooded_room, layout_loops_ring,
          minmay_misc_feat_cross, dk_noncrumbling_4, uniq_jessica, uniq_sigmund
D:3:      layout_loops_ring, minmay_fractal_squares_diagonal_5
D:4:      layout_basic, lemuel_crystal_altar, temple_hall, minmay_cut_off,
          uniq_menkaure, uniq_grinder
D:5:      layout_loops_ring, gammafunk_temple_overflow_forgotten, nrook_uturn,
          uniq_edmund
D:6:      layout_basic, xom_confusion_cloud, guppyfry_early_elven_hall
D:7:      layout_loops_ring, kennysheep_flooded_box, st_stairs_1, uniq_pikel

Skill      XL: |  1  2  3  4  5  6  7  8 |
---------------+-------------------------+-----
Shields        | 4 5 |  5.0
Axes           | 3 5 8 9 10 | 10.0
Fighting       | 4 5 |  5.8
Armour         | 4 5 6 |  6.4
Maces & Flails | 1 |  1.5

Action                     |  1- 3 |  4- 6 |  7- 9 || total
---------------------------+-------+-------+-------++-------
  Melee: War axe           |    62 |   134 |    55 ||   251
         Headbutt          |     7 |    17 |    21 ||    45
         Flail             |       |       |    12 ||    12
  Throw: Boomerang         |       |     1 |     2 ||     3
    Use: Scroll            |     3 |     1 |     5 ||     9
         Potion            |     1 |       |     2 ||     3
 Armour: Scale mail        |    26 |       |       ||    26
         Chain mail        |       |    44 |    28 ||    72
  Dodge: Dodged            |    18 |    38 |    24 ||    80
  Block: Buckler           |     8 |    18 |    12 ||    38
